 Dungeon Crawl Stone Soup version 0.27.0-1-g7a089689b8 (webtiles) character file.

Game seed: 16310351959304658881

17 horus123 the Magician (level 2, 0/15 HPs)
             Began as a Deep Elf Hedge Wizard on Aug 14, 2021.
             Slain by a quokka (1 damage)
             ... on level 1 of the Dungeon.
             The game lasted 00:04:47 (794 turns).

horus123 the Magician (Deep Elf Hedge Wizard)        Turns: 794, Time: 00:04:48

Health: 0/15       AC:  4    Str:  7    XL:     2   Next: 44%
Magic:  4/10       EV: 12    Int: 18    God:
Gold:   12         SH:  0    Dex: 14    Spells: 4/11 levels left

rFire    . . .     SeeInvis .   a - +0 dagger
rCold    . . .     Faith    .   (no shield)
rNeg     . . .     Spirit   .   b - +0 robe
rPois    .         Reflect  .   d - +2 hat
rElec    .         Harm     .   (no cloak)
rCorr    .         Rampage  .   (no gloves)
Will     .....                  (no boots)
Stlth    ++........             (no amulet)
HPRegen  0.05/turn              (no ring)
MPRegen  0.12/turn              (no ring)

@: no status effects
A: no striking features
a: no special abilities


You were on level 1 of the Dungeon.
You visited 1 branch of the dungeon, and saw 1 of its levels.

You collected 12 gold pieces.

Inventory:

Hand Weapons
 a - a +0 dagger (weapon)
Armour
 b - a +0 robe (worn)
 d - a +2 hat (worn)


   Skills:
 + Level 2.6 Dodging
 + Level 2.4 Stealth
 * Level 5.2 Spellcasting
 * Level 1.3 Conjurations
 * Level 0.1 Hexes
 * Level 1.1 Summonings
 * Level 1.1 Translocations


You had 4 spell levels left.
You knew the following spells:

 Your Spells              Type           Power      Damage    Failure   Level
a - Magic Dart            Conj           36%        1d4       8%          1
b - Blink                 Tloc           N/A        N/A       13%         2
c - Call Imp              Summ           8%         N/A       13%         2
d - Slow                  Hex            5%         N/A       19%         2

Your spell library contained the following spells:

 Spells                   Type           Power      Damage    Failure   Level
 Conjure Flame            Conj/Fire      7%         6-21      30%         3
 Mephitic Cloud           Conj/Pois/Air  6%         N/A       32%         3


Dungeon Overview and Level Annotations

Branches:
Dungeon (1/15)

Altars:

Shops:
D:1 *


Message History

Your crimson imp blinks!
Your magical contamination has completely faded away.
The gnoll hits you with a +0 flail!
* * * LOW HITPOINT WARNING * * *
Casting: Magic Dart (safe; 8% risk of failure)
Confirm with . or Enter, or press ? or * to list all spells.
A beastly little devil appears in a puff of flame.
Your crimson imp blinks!
Your crimson imp completely misses the gnoll.
Your crimson imp hits the gnoll but does no damage.
The gnoll closely misses your crimson imp.
Your crimson imp hits the gnoll but does no damage.
The gnoll hits your crimson imp with a +0 flail.
Your crimson imp hits the gnoll.
Your crimson imp disappears in a puff of smoke!
The gnoll misses your crimson imp.
Your crimson imp blinks!
Your crimson imp blinks!
Hit: a) +0 dagger
Press: ? - help, Dir - move target, f/p - gnoll
Aim: a gnoll, wielding a +0 flail and wearing a +0 leather armour (ally target, about 34% to evade your +0 dagger)
Okay, then.
Casting: Call Imp (safe; 13% risk of failure)
Confirm with . or Enter, or press ? or * to list all spells.
You blink.
Unknown command.
Your crimson imp hits the gnoll but does no damage.
Your crimson imp blinks!
An endoplasm comes into view.
A rat comes into view.
Found an escape hatch in the floor.
A rat comes into view.
The quokka bites you.
* * * LOW HITPOINT WARNING * * *
The quokka closely misses you. The quokka bites you.
* * * LOW HITPOINT WARNING * * *
The quokka bites you but does no damage.
You open the large door. The quokka bites you.
You die...

###.####.....####........##.#..J.
#....# ###...###########g.....##
#....###...#....#...# ###.....#.
#..........####.....# #........
...........######...#####...###..
....................r......## #
.........#######..g##......#
.........#######.r.##.#......#
....†...[##...##@..##.....>.....
....###.###.<.''.>.###.....##...
...## #.###...##...# ......# #..
...# #..##'####...####...r.. ..
#### #..##.# ##'## .......
#####..##.# ... ###......##.# ..
....###..##.# ..# .........##.#


You could see a gnoll, a quokka and a rat.

Vanquished Creatures
  A dart slug (D:1)
  An endoplasm (D:1)
  A giant cockroach (D:1)
  3 hobgoblins (D:1)
  3 kobolds (D:1)
  A ball python (D:1)
  A bat (D:1)
  A frilled lizard (D:1)
  3 rats (D:1)
15 creatures vanquished.

Notes
Turn   | Place    | Note
-------+----------+-------------------------------------------
     0 | D:1      | horus123 the Deep Elf Hedge Wizard began the quest for the
                  | Orb.
     0 | D:1      | Reached XP level 1. HP: 10/10 MP: 7/7
   427 | D:1      | Reached XP level 2. HP: 15/15 MP: 3/9
   430 | D:1      | Learned a level 2 spell: Blink
   433 | D:1      | Learned a level 2 spell: Call Imp
   436 | D:1      | Learned a level 2 spell: Slow
   556 | D:1      | Reached skill level 5 in Spellcasting
   685 | D:1      | Found Vukkenib's Assorted Antiques.
   794 | D:1      | Slain by a quokka

Illustrated notes

Levels and vault maps discovered:
D:1:      dpeg_arrival_simpleton_b, layout_rooms, serial_shops, shop,
          minmay_misc_feat_doors

Skill      XL: |  1  2 |
---------------+-------+-----
Spellcasting   | 5 |  5.2
Dodging        | |  2.6
Stealth        | |  2.4
Conjurations   | |  1.3
Hexes          | |  0.1
Summonings     | |  1.1
Translocations | |  1.1

Action                   || total
-------------------------++-------
Melee: Dagger            ||     5
 Cast: Magic Dart        ||    39
       Call Imp          ||     2
       Blink             ||     1
Armor: Robe              ||     2
Dodge: Dodged            ||     9
